[Event "Leca Open 2022"]
[Site "Leca da Palmeira"]
[Date "2022.08.05"]
[Round "9.2"]
[White "Stella, Andrea"]
[Black "Nigmatov, Ortik"]
[Result "0-1"]
[ECO "E68"]
[WhiteElo "2443"]
[BlackElo "2437"]
[Annotator "TA"]
[PlyCount "76"]
[EventDate "2022.08.02"]
[EventType "swiss"]
[EventCountry "POR"]
[SourceTitle "playchess.com"]
[Source "ChessBase"]
[SourceQuality "1"]
[TimeControl "5400+30"]

1. d4 {[%emt 0:08:30] Stohl,I} Nf6 2. c4 g6 3. g3 Bg7 4. Bg2 O-O 5. Nc3 d6 6. Nf3 Nbd7 7. O-O e5 8. e4 exd4 9. Nxd4 Re8 10. h3 Nc5 11. Re1 h6 12. Nb3 {[%emt 0:09:14] is the legacy move (12.Rb1).} Nxb3 {[%emt 0:14:28] E68: King's Indian: Fianchetto: 6...Nbd7 7 0-0 e5 8 e4.} 13. axb3 {[%emt 0:01:12] [#]} Nh7 $146 (13... Bd7 $11 {keeps the balance.}) ({Predecessor:} 13... a6 14. Be3 Bd7 15. Qd2 h5 16. f4 Bc6 17. Bf2 a5 18. Rad1 Qc8 19. Bd4 Nh7 20. Bxg7 Kxg7 {½-½ (70) Moskalenko,V (2529)-Illescas Cordoba,M (2607) Barcelona 2005 CBM 110 [Stohl,I]}) 14. Be3 $16 a6 {[%emt 0:05:07] White is better.} 15. Qd2 h5 (15... Ng5 16. h4 Nh7 17. Bxh6) 16. f4 Be6 17. Nd5 (17. Kh2 $16) 17... Qd7 18. Kh2 b5 ({Black should play} 18... Bxd5 $14 19. cxd5 (19. exd5 Re7 $11) 19... f5) 19. Bd4 Bxd4 20. Qxd4 c6 (20... bxc4 $142 21. bxc4 c5) 21. Nb6 (21. Ne3 $142 $1) 21... Qa7 22. cxb5 $1 cxb5 {[%emt 0:00:34] aiming for ...Rab8.} 23. f5 $2 {[%emt 0:03:17] [#]} (23. Rec1 $16 {and life is bright.}) 23... Rab8 $1 $17 24. fxe6 Rxe6 25. Rec1 {[%emt 0:04:57] Hoping for Rc6.} Qxb6 26. Rc8+ Nf8 27. Qxb6 Rxb6 28. Ra8 {[%emt 0:00:22] [#]} Rc6 $1 29. R1xa6 $2 {[%emt 0:01:00] This move loses the game for White.} (29. Kg1 $17 {was necessary.}) 29... Rc2 $1 $19 30. Kg1 Rf6 ({Wrong is} 30... Rxb2 $2 31. Rd8 Kg7 32. Raxd6 $19) 31. Rd8 $2 (31. Ra1) 31... Rc1+ 32. Kh2 Rf2 33. Raa8 {[%emt 0:00:59] [#]} Rcc2 $1 34. Rxf8+ Kg7 35. Rg8+ Kf6 36. e5+ dxe5 37. Ra6+ Kg5 38. h4+ Kg4 {[%emt 0:02:31] Weighted Error Value: White=1.03/Black=0.09 (flawless)} (38... Kf5 $142 39. Kh1 Rxg2 40. Rd8 Kg4 41. Rd3 Rxg3 42. Rad6 Rxd3 43. Rxd3 e4 44. Re3 f5 45. Kg1 Kxh4 46. Kf1 Rxb2 47. Ke1 Kg4 48. Kf1 g5 49. Ke1 h4 50. Kd1 h3 51. Re1 h2 52. Kc1 Rg2 53. Rd1 Rg1 54. Kd2 Rxd1+ 55. Kxd1 h1=Q+ 56. Kc2 Qa1 57. b4 Qa2+ 58. Kd1 e3 59. Ke1 Qf2+ 60. Kd1 Qd2#) 0-1

[Event "Leca Open 2022"]
[Site "Leca da Palmeira"]
[Date "2022.08.05"]
[Round "9.3"]
[White "Krishna C R G"]
[Black "Martinez Duany, Lelys Stanley"]
[Result "1/2-1/2"]
[ECO "A56"]
[WhiteElo "2430"]
[BlackElo "2497"]
[Annotator "TA"]
[PlyCount "60"]
[EventDate "2022.08.02"]
[EventType "swiss"]
[EventCountry "POR"]
[SourceTitle "playchess.com"]
[Source "ChessBase"]
[SourceQuality "1"]
[TimeControl "5400+30"]

1. d4 Nf6 2. c4 c5 3. d5 g6 4. Nc3 Bg7 5. Nf3 O-O 6. e4 d6 7. h3 Na6 8. Bd3 Nc7 9. O-O e5 10. dxe6 {[%emt 0:07:07] White is more active. is the legacy move (10.Bg5). E90: King's Indian: Classical: Early deviations and 6 h3.} (10. Re1 $16) 10... Nxe6 $11 11. Be3 Nd7 12. Be2 Ne5 13. Nxe5 dxe5 14. Qxd8 Rxd8 15. Bg4 h5 16. Bxe6 Bxe6 17. Nd5 Bxd5 18. cxd5 Bf8 19. Rfc1 {[%emt 0:02:00] [#]} b6 $146 ({Predecessor:} 19... Rdc8 20. a4 f5 21. f3 f4 22. Bf2 Bd6 23. Rc2 Rc7 24. a5 Kf7 25. Kf1 Rac8 {1-0 (47) Savchenko,S (2506)-Petrov,M (2406) Sunny Beach 2005}) 20. Rc2 Kh7 21. a4 Bh6 22. Ra3 h4 23. Bxh6 Kxh6 $14 {[%emt 0:00:04][%mdl 4096] Endgame KRR-KRR} 24. Rf3 (24. f3 $14 {feels stronger.}) 24... Rd7 25. Rf6 Kg5 26. Rc6 Rad8 27. Rc4 Rd6 {[%emt 0:00:12] The position is equal.} 28. Rxd6 Rxd6 29. b4 cxb4 30. Rxb4 f5 {[%emt 0:00:38] Weighted Error Value: White=0.12 (very precise) /Black=0.04 (flawless)} 1/2-1/2

[Event "Leca Open 2022"]
[Site "Leca da Palmeira"]
[Date "2022.08.05"]
[Round "9.4"]
[White "Touzane, Olivier"]
[Black "Perez Candelario, Manuel"]
[Result "0-1"]
[ECO "E68"]
[WhiteElo "2266"]
[BlackElo "2578"]
[Annotator "TA"]
[PlyCount "84"]
[EventDate "2022.08.02"]
[EventType "swiss"]
[EventCountry "POR"]
[SourceTitle "playchess.com"]
[Source "ChessBase"]
[SourceQuality "1"]
[TimeControl "5400+30"]

1. Nf3 d6 2. d4 Nf6 3. g3 Nbd7 4. c4 g6 5. Bg2 Bg7 6. O-O O-O 7. Nc3 e5 8. e4 exd4 9. Nxd4 Re8 10. h3 Nc5 11. Re1 Bd7 12. Rb1 h6 13. Kh2 a6 {[%cal Ob7b5] was the old line (13...a5). E68: King's Indian: Fianchetto: 6...Nbd7 7 0-0 e5 8 e4.} 14. b4 Ne6 {[#] Strongly threatening ...Nxd4.} 15. Be3 h5 $5 {[%cal Oh5h4][%mdl 4] [#] White is slightly better. An interesting side line.} 16. Nf3 $146 ({Predecessor:} 16. f4 a5 17. b5 Nc5 18. Bf2 Qc8 19. e5 dxe5 20. Nf3 e4 21. Bxc5 Bg4 22. Nxe4 Rxe4 23. hxg4 Nxg4+ {1-0 (32) Gonda,L (2549)-Spasov,V (2539) Bol 2015}) 16... Nh7 17. Qd2 b5 18. cxb5 axb5 19. Bh6 Bxh6 20. Qxh6 Ra3 21. Re3 ({White should try} 21. Qd2 $14) 21... Bc6 (21... Neg5 $11) 22. Rbe1 Ba8 23. R1e2 c6 (23... Nf6 $11) 24. Rd2 $16 Qb8 25. Ne1 c5 26. Nc2 Ra6 27. Bf1 Rb6 28. f4 ({White should play} 28. h4 $14) 28... Ng7 $1 $11 {[%cal Og6g5] Threatens to win with ...g5!} 29. g4 $2 {[%mdl 8192] This move loses the game for White.} ({White has to play} 29. f5 $1 $15) 29... Re6 {[%cal Og6g5] ...g5! is the strong threat.} 30. g5 $2 (30. bxc5 g5 31. Qxe6 Nxe6 32. cxb6 gxf4 33. Red3 hxg4 34. Nb4 (34. Rxd6 $2 Nhg5 $19)) 30... d5 31. Nxd5 (31. bxc5 $142 Qxf4+ 32. Kg1 Nxg5 33. cxb6) 31... Bxd5 $19 {[%mdl 64] [#] Remove Defender} 32. Rxd5 Qxf4+ 33. Kg1 Rbd6 34. Ra3 Rxd5 35. exd5 Re8 {aiming for ...Nf5.} 36. Bxb5 Qc1+ 37. Kf2 Qxc2+ {Black mates.} 38. Kf3 Qd1+ 39. Kf2 Qd2+ 40. Kg1 Re1+ 41. Bf1 Qd4+ 42. Kh2 Qb2+ {Weighted Error Value: White=1.02/Black=0.15 (very precise)} 0-1

[Event "Leca Open 2022"]
[Site "Leca da Palmeira"]
[Date "2022.08.05"]
[Round "9.5"]
[White "Spraggett, Kevin"]
[Black "Buscara, Sevan"]
[Result "1-0"]
[ECO "A06"]
[WhiteElo "2487"]
[BlackElo "2404"]
[Annotator "TA"]
[PlyCount "115"]
[EventDate "2022.08.02"]
[EventType "swiss"]
[EventCountry "POR"]
[SourceTitle "playchess.com"]
[Source "ChessBase"]
[SourceQuality "1"]
[TimeControl "5400+30"]

1. Nf3 d5 2. g3 Bg4 3. Bg2 Nd7 4. O-O e6 5. b3 Ngf6 6. Bb2 Be7 7. c4 {[%emt 0:00:36] is the legacy move (7.d3).} c6 8. d3 O-O 9. Na3 {[%emt 0:01:57][%cal Bb1a3,Ba3c2,Bc2e3][%mdl 32] A12: English Opening: 1...c6 with b3 by White.} h6 10. Nc2 {[%emt 0:00:29] [#]} Re8 $146 ({Predecessor:} 10... a5 11. Rb1 Bf5 12. Qd2 Bh7 13. Ne3 c5 14. cxd5 Nxd5 15. a4 Bf6 16. Nc4 Bxb2 17. Qxb2 Rb8 18. Rbc1 b6 19. Rfd1 Qe7 20. Nfe5 Nxe5 21. Qxe5 {½-½ (21) Haakert,J (2352)-Khanukov,B (2329) Bergen 2014}) 11. Ne3 {[%emt 0:01:19] The position is equal.} Bh5 $1 12. a3 Bf8 13. Re1 Bg6 14. Rc1 a5 15. h3 Bh7 16. Ng4 Nxg4 17. hxg4 e5 18. cxd5 cxd5 19. Bh3 (19. Nd2 $15) 19... e4 $17 20. dxe4 dxe4 21. Nd4 Qg5 (21... e3 $17 {Hoping for ...exf2+.} 22. f3 Qb6) 22. Ne6 $11 Rxe6 23. Qxd7 Rd8 24. Qxb7 h5 25. gxh5 Rh6 26. Rc8 Rxc8 27. Qxc8 {[%emt 0:00:03] aiming for Bc1.} Qxh5 28. Kg2 f5 (28... e3 $11 29. f3 (29. fxe3 $2 Be4+ 30. Kf1 Qxh3+ 31. Qxh3 Rxh3 $19) 29... Qd5) 29. Qc4+ $16 (29. Rh1 Qxe2 30. Bc1 (30. Qc4+ Qxc4 31. bxc4 a4 $17) 30... Qf3+ 31. Kg1 Qd1+ 32. Kg2 Qf3+ 33. Kg1 Rh5 $11) 29... Kh8 30. Rh1 {[%emt 0:00:43] Active counter play!} f4 31. Qc8 $40 {[%emt 0:03:29][%mdl 128] Prevents Bf5. Black is in trouble.} f3+ 32. Kg1 {[%emt 0:00:28] Really sharp!} Qc5 33. exf3 exf3 34. Bg4 Qxc8 35. Bxc8 {[%emt 0:00:26] And now Rxh6 would win.} Rd6 36. Rh4 {[%emt 0:00:49] Black must now prevent Bf5.} Rd1+ 37. Kh2 Rd2 ({Black should play} 37... Be7) 38. Bd4 Be7 39. Rf4 ({White must play} 39. Rg4 $1 $18 Bf6 40. Be3) 39... Bxa3 $14 40. Bb7 Bd6 41. Rg4 Bf5 42. Rh4+ (42. Bxg7+ $6 Kh7 43. Rg5 Rxf2+ 44. Kg1 Rg2+ 45. Kh1 Rxg3 46. Rxf5 Kxg7 $11) 42... Kg8 43. Be3 Rd3 {[%emt 0:00:56] [#]} 44. Ba6 $1 Rd1 45. Bc4+ Kf8 46. Rh8+ Ke7 {[%emt 0:00:07] [#]} 47. Ra8 (47. Bg5+ $1 $16 Kd7 48. Ra8) 47... Bb4 $1 $11 48. Ra7+ Kf6 49. Ra6+ Rd6 50. Ra8 g6 ({Black should try} 50... Rd1 $11) 51. Rf8+ $14 Ke7 52. Rf7+ Ke8 53. Ra7 {[%emt 0:00:18] Strongly threatening Bg5.} Be6 $2 {[%emt 0:02:44] Black cannot hold the game after this.} (53... Kd8 $1 $14) 54. Bf4 $18 Rd7 (54... Rb6 $142 55. Bc7 Bxc4 56. Bxb6 Bd5) 55. Bb5 Bc5 56. Ra6 Bxb3 (56... Kf7 57. Bxd7 (57. Rxa5 Rd5 $11) 57... Bxd7) 57. Bg5 Bd5 58. Rxa5 {[%emt 0:00:19] Weighted Error Value: White=0.12 (very precise) /Black=0.33} 1-0

[Event "Leca Open 2022"]
[Site "Leca da Palmeira"]
[Date "2022.08.05"]
[Round "9.6"]
[White "Panesar Vedant"]
[Black "Abdisalimov, Abdimalik"]
[Result "1/2-1/2"]
[ECO "E94"]
[WhiteElo "2318"]
[BlackElo "2437"]
[Annotator "TA"]
[PlyCount "43"]
[EventDate "2022.08.02"]
[EventType "swiss"]
[EventCountry "POR"]
[SourceTitle "playchess.com"]
[Source "ChessBase"]
[SourceQuality "1"]
[TimeControl "5400+30"]

1. Nf3 Nf6 2. c4 g6 3. Nc3 Bg7 4. e4 d6 5. d4 O-O 6. Be2 e5 7. O-O Na6 8. Be3 Qe8 {Recently 8...c6 got a lot of attention.} 9. dxe5 {E94: King's Indian: Classical: 6 Be2 e5 7 0-0: Various Black 7th moves.} (9. d5 {keeps more tension.} Ng4 10. Bd2 f5 11. exf5 gxf5 12. Nh4) 9... Ng4 10. exd6 {[#] Hoping for Bd4.} (10. Bf4 {feels hotter.} dxe5 11. Bg5 c6 12. a3) 10... Nxe3 11. fxe3 Bxc3 12. bxc3 cxd6 13. Qxd6 {Black must now prevent Ng5.} Qxe4 14. Qf4 Re8 {[#] ...Qxf4 is the strong threat. The position is equal.} 15. Ng5 Qxe3+ 16. Qxe3 Rxe3 17. Bf3 Nc5 18. Nxf7 {Threatening Nd6.} Be6 19. Nd6 {Threatens to win with Rfe1.} Rd8 20. Nxb7 Nxb7 21. Bxb7 {[#]} Bxc4 $146 ({Predecessor:} 21... Rxc3 22. Rac1 Rxc4 23. Rce1 Rc7 24. Rxe6 Rxb7 25. Re2 Rf8 26. Rxf8+ Kxf8 27. Kf2 Kf7 {½-½ (46) Bauer,P (2255)-Lorscheid,G (2320) Wuerttemberg 1998}) 22. Rf3 {Weighted Error Value: White=0.07 (flawless) /Black=0.02 (flawless)} 1/2-1/2

[Event "Leca Open 2022"]
[Site "Leca da Palmeira"]
[Date "2022.08.05"]
[Round "9.7"]
[White "Prieto Martin, Alfonso"]
[Black "Das, Sayantan"]
[Result "0-1"]
[ECO "C03"]
[WhiteElo "2264"]
[BlackElo "2449"]
[Annotator "TA"]
[PlyCount "120"]
[EventDate "2022.08.02"]
[EventType "swiss"]
[EventCountry "POR"]
[SourceTitle "playchess.com"]
[Source "ChessBase"]
[SourceQuality "1"]
[TimeControl "5400+30"]

1. e4 e6 2. d4 d5 3. Nd2 Be7 4. Ngf3 Nf6 5. e5 Nfd7 6. Bd3 c5 7. c3 Nc6 8. O-O a5 9. Re1 {9.a4 deserves study. C06: French Tarrasch: 3...Nf6 4 e5 Nfd7 5 Bd3 main lines.} a4 10. Nf1 a3 11. b3 {White is slightly better.} cxd4 12. cxd4 Nb4 13. Bb1 Nb8 14. Ng3 {[#]} Bd7 $146 ({Predecessor:} 14... h5 15. Qd2 Bd7 16. h4 Bb5 17. Ng5 N8c6 18. Rd1 Bxg5 19. hxg5 g6 20. Ne2 Bxe2 21. Qxe2 Qb6 22. Qe3 {½-½ (22) Druska,J (2460)-Cvek,R (2537) Slovakia 2016}) 15. Nh5 g6 16. Nf6+ (16. Ng7+ $14 Kf8 17. Bh6) 16... Bxf6 $11 17. exf6 N4c6 $2 (17... Qxf6 $11 18. Bg5 Qg7) 18. Bh6 (18. b4 $18 {has better winning chances.}) 18... Qxf6 $16 19. Qd2 Qe7 20. Bd3 {[%mdl 1024] White has compensation.} f6 21. h4 Nb4 {[#]} 22. Bb5 $1 {[%cal Oe1e6] Threatens to win with Rxe6! This bishop pair is nice.} N8c6 $1 ({Not} 22... Bxb5 {[#]} 23. Rxe6 $3 Qxe6 24. Re1 $16) 23. Rac1 Kf7 $1 24. Rc5 (24. Qf4 $14) 24... Rhc8 25. Qf4 Ke8 (25... Nxa2 $2 26. Rxd5 Rd8 27. Bc4 $18 (27. Qd2 $2 Nab4 $19)) (25... Kg8 $11 26. Qd2 Rd8) 26. Bxc6 (26. Nh2 $1 $14) 26... Nxc6 27. Rxd5 $2 (27. Rb5 $11 {and White has nothing to worry.}) 27... Nb4 $19 28. Rxd7 (28. Rd6 $142 Nd3 29. Qg3) 28... Kxd7 29. Qe4 Nd5 (29... Nxa2 $142 30. Bd2 Ke8) 30. Nd2 Ra6 31. Nc4 Ke8 32. Bc1 b5 33. Bxa3 $2 (33. Ne3 Nxe3 34. Bxe3) 33... Qd7 34. Nd6+ Rxd6 35. Bxd6 Qxd6 36. Qxe6+ Qxe6 37. Rxe6+ {[%mdl 4096] Endgame KRN-KR} Kd7 38. Ra6 Rc1+ 39. Kh2 Rc2 40. Kg1 Rc6 41. Ra7+ Nc7 {Strongly threatening ...Ra6.} 42. a4 $2 (42. Kf1 {was called for.}) 42... Ra6 {Black is clearly winning.} 43. Rxa6 Nxa6 44. axb5 {KN-KP} Nb4 45. Kf1 Nc2 46. Ke2 Nxd4+ 47. Kd3 Nxb5 48. Kc4 Kc6 49. h5 gxh5 {KN-K3P} 50. b4 h4 51. Kd3 Kd5 52. Ke3 Ke5 53. Kf3 f5 54. Ke3 f4+ 55. Ke2 Ke4 56. Kf1 Kd3 57. Ke1 Nd4 58. Kf1 h6 59. g3 hxg3 60. fxg3 f3 {Weighted Error Value: White=0.63/Black=0.22 (precise)} 0-1

[Event "Leca Open 2022"]
[Site "Leca da Palmeira"]
[Date "2022.08.05"]
[Round "9.8"]
[White "Akhvlediani, Irakli"]
[Black "Mahitosh Dey"]
[Result "1-0"]
[ECO "D02"]
[WhiteElo "2429"]
[BlackElo "2212"]
[Annotator "TA"]
[PlyCount "49"]
[EventDate "2022.08.02"]
[EventType "swiss"]
[EventCountry "POR"]
[SourceTitle "playchess.com"]
[Source "ChessBase"]
[SourceQuality "1"]
[TimeControl "5400+30"]

1. d4 d5 2. Nf3 Nf6 3. Bf4 c5 4. e3 Nc6 5. Nbd2 c4 6. c3 {D02: 1 d4 d5 2 Nf3 sidelines, including 2...Nf6 3 g3 and 2...Nf6 3 Bf4.} Bf5 7. Nh4 Bd7 {[#]} 8. Qc2 $146 {The position is equal.} ({Predecessor:} 8. Be2 h6 9. Bg3 g5 10. Nhf3 Bf5 11. Ne5 Nxe5 12. Bxe5 Bg7 13. e4 Be6 14. exd5 Bxd5 15. Bxc4 Bxg2 {1-0 (39) Arpita,M (2260)-Ghosh,S (1910) Bhubaneswar 2022}) 8... Nh5 (8... e6 $11 {remains equal.}) 9. Bg3 ({White should try} 9. Bg5 $16) 9... e6 10. Be2 Be7 (10... Nxg3 $11 11. hxg3 g6) 11. Bxh5 $14 {Threatens to win with Nhf3.} Bxh4 12. e4 O-O 13. Bf3 Re8 14. O-O-O (14. Kf1 $14) 14... Bg5 $11 15. h4 $36 {[%mdl 2048] White fights for an advantage.} (15. exd5 exd5 16. Bxd5 Bg4 17. Bxc4 Bxd1 18. Kxd1 Bxd2 19. Qxd2 Rc8 $14) 15... Bh6 16. Kb1 Qa5 17. Bh2 f5 (17... Ne7 $11 {keeps the balance.}) 18. exd5 exd5 19. b4 Nxb4 20. cxb4 $16 Qxb4+ 21. Ka1 Ba4 {[#]} 22. Qb2 ({Of course not} 22. Bxd5+ Kh8 23. Qb2 (23. Qxc4 Bxd2 24. Qxb4 Bxb4 $17) 23... Qxb2+ 24. Kxb2 Rad8 $15) 22... Qa5 {[#] And now ...c3 would win.} 23. Nb1 {[%cal Ob2b7] Against c3} Bxd1 24. Rxd1 Re6 $2 (24... Rad8 $16 {keeps fishing.}) 25. Qxb7 {Weighted Error Value: White=0.15 (very precise) /Black=0.54} 1-0

[Event "Leca Open 2022"]
[Site "Leca da Palmeira"]
[Date "2022.08.05"]
[Round "9.9"]
[White "Balaji, Aaravamudhan"]
[Black "Umetsubo, Cesar Hidemitsu"]
[Result "1/2-1/2"]
[ECO "E29"]
[WhiteElo "2228"]
[BlackElo "2405"]
[Annotator "TA"]
[PlyCount "114"]
[EventDate "2022.08.02"]
[EventType "swiss"]
[EventCountry "POR"]
[SourceTitle "playchess.com"]
[Source "ChessBase"]
[SourceQuality "1"]
[TimeControl "5400+30"]

1. d4 Nf6 2. c4 e6 3. Nc3 Bb4 4. a3 Bxc3+ 5. bxc3 O-O 6. e3 c5 7. Bd3 Nc6 8. Ne2 b6 9. e4 Ne8 10. O-O Ba6 11. Ng3 cxd4 {[%emt 0:21:10] E29: Nimzo-Indian: Sämisch: 5...0-0 6 e3 c5 7 Bd3 Nc6.} 12. cxd4 Nxd4 13. Bb2 {[%emt 0:00:08] [#]} e5 $146 ({Predecessor:} 13... Nc6 14. e5 f5 15. exf6 Nxf6 16. Nh5 Qe7 17. Re1 e5 18. Ng3 Qc5 19. a4 Bb7 {1-0 (27) Berczes,D (2514)-Wells,P (2516) Hinckley Island 2008}) 14. Bxd4 exd4 15. Nf5 g6 16. Nxd4 Nc7 17. Re1 Ne6 18. Bf1 Rc8 19. Nxe6 fxe6 (19... dxe6 20. Qa4 Bb7 21. Qxa7 $16) 20. Qa4 Bb7 21. Rad1 Bc6 22. Qb4 (22. Qxa7 $2 Ra8 23. Qxa8 Qxa8 $19) 22... Qf6 23. Rd2 Qe5 (23... g5 {keeps more tension.} 24. Qd6 Qf4 25. Qd4 Rf7) 24. Qd6 Qxd6 25. Rxd6 e5 ({Better is} 25... Kf7 $15) 26. f3 (26. c5 $11 {deserves consideration.}) 26... Kf7 $15 27. Kf2 Ke7 28. Rd2 d6 29. Ke3 Bd7 30. Red1 Ba4 31. Rb1 Rc5 32. h4 Rfc8 33. Rd5 R5c7 34. g3 Bd7 (34... Be8 $5 ) 35. Rbd1 Rc6 36. f4 Be6 37. R5d2 R8c7 38. h5 Bg4 39. hxg6 (39. Be2 $11 {keeps the balance.} Bxe2 40. Kxe2) 39... Bxd1 $17 ({And not} 39... hxg6 40. Rb1 $11) 40. gxh7 {[%emt 0:00:01] [#]} Rc8 41. Rxd1 {[%emt 0:00:18][%mdl 4096] Endgame KRR-KRB} Rh8 42. fxe5 Rxh7 ({But not} 42... dxe5 $6 43. Bh3 $11) 43. exd6+ Rxd6 44. Bd3 (44. Rd5 $17 {might work better.}) 44... Rh5 (44... Rg7 $19 45. Rg1 Rdg6) 45. Rb1 Ra5 {[%emt 0:00:31][%mdl 1024] Black has strong compensation.} 46. Rb3 Rg6 47. Kf2 Ke6 48. Bc2 (48. Be2 {was called for.}) 48... Rc5 49. Rd3 Rh6 {[%emt 0:01:29] Strongly threatening ...Rh2+.} 50. Ke3 b5 (50... Ke7 $142 51. Bb3 Rg6) 51. Rd5 {[%emt 0:00:34] [#]} Rxd5 ({Much weaker is} 51... Rxc4 $6 52. Bb3 Rc6 53. Rxb5+ Kd7 54. Rd5+ Rcd6 55. Rf5 $11) (51... Rh5 $1 $17 52. Rxh5 Rxh5 53. cxb5 Rxb5) 52. exd5+ {[%emt 0:00:02] KR-KB} Ke5 53. cxb5 Rh2 54. Bb3 (54. Kd3 $11) 54... Rg2 (54... Rb2 $17 55. Bc4 Rg2) 55. Kd3 $1 $11 {[%emt 0:00:35] The position is equal.} Rxg3+ 56. Kc4 Kd6 {[%emt 0:00:25] ...Rg4+ is the strong threat.} 57. Kb4 $1 Ke5 {Whites escaped into a draw.  Weighted Error Value: White=0.18 (very precise) /Black=0.14 (very precise)} 1/2-1/2

[Event "Leca Open 2022"]
[Site "Leca da Palmeira"]
[Date "2022.08.05"]
[Round "9.10"]
[White "Martins, Bruno Andre Leite"]
[Black "Padeiro, Jose"]
[Result "1-0"]
[ECO "D00"]
[WhiteElo "2331"]
[BlackElo "2216"]
[Annotator "TA"]
[PlyCount "104"]
[EventDate "2022.08.02"]
[EventType "swiss"]
[EventCountry "POR"]
[SourceTitle "playchess.com"]
[Source "ChessBase"]
[SourceQuality "1"]
[TimeControl "5400+30"]

1. d4 d5 2. Bf4 Nf6 3. e3 e6 4. Nd2 Bd6 5. Bg3 c5 6. Ngf3 {[%emt 0:03:21] D00: 1 d4 d5: Unusual lines.} O-O 7. c3 Qc7 8. Be2 {[%emt 0:08:37] The position is equal.} Nbd7 9. O-O Bxg3 10. hxg3 e5 11. dxe5 Nxe5 12. Nxe5 Qxe5 13. Nf3 Qc7 {[%emt 0:07:31] [#]} 14. Qa4 $146 ({Predecessor:} 14. c4 dxc4 15. Bxc4 a6 16. Qc2 b5 17. Bd3 Bb7 18. Rac1 Qa5 19. a3 c4 20. Be2 {0-1 (60) Mogilny,E (1756)-Pultinevicius,P (2492) Viljandi 2021}) 14... Ne4 15. Rfd1 Bd7 16. Qa3 Be6 17. Nd2 Nd6 18. Bf3 Rac8 19. Qa4 Rfd8 20. Qf4 Ne8 21. Nb3 b6 22. Rd2 Qxf4 23. gxf4 Nf6 24. Rad1 Rd7 25. Be2 Kf8 26. f3 h5 27. Kf2 Ke7 28. Nc1 Rdc7 29. Ba6 Rh8 30. Bd3 g6 31. Ne2 h4 32. Rh1 Rcc8 33. Ba6 Rcd8 34. b4 Ne8 35. Bd3 Nd6 36. Bc2 {[%emt 0:02:11] Against Ne4+} a5 37. bxc5 bxc5 (37... Nc4 $5 38. Rdd1 bxc5 $11) 38. Bb3 Nc4 39. Bxc4 dxc4 40. Rb2 Bd7 41. Rb7 Rb8 42. Rhb1 Rxb7 43. Rxb7 $11 {[%emt 0:00:05][%mdl 4096] Endgame KRB-KRN} Kd6 44. e4 Ra8 45. Ke3 Kc6 46. Rb1 f6 (46... Rh8 $11) 47. Rd1 (47. Rh1 $5 ) 47... Rb8 48. e5 fxe5 49. fxe5 Rb2 $2 {[%emt 0:00:30] A mistake that costs the game.} (49... Re8 $11 {and Black has nothing to worry.}) 50. Rd6+ $18 {[%emt 0:00:30] White is clearly better.} Kc7 51. Nf4 {[%emt 0:00:30] [#] Nd5+ is the strong threat.} ({Don't do} 51. Rxg6 $6 Rxa2 52. Nf4 a4 $16) 51... Bf5 52. Nd5+ ({But not} 52. Nxg6 $6 Bxg6 53. Rxg6 Rxa2 $16) 52... Kb7 {[%emt 0:00:30] Weighted Error Value: White=0.06 (flawless) /Black=0.16 (very precise)} 1-0

[Event "Leca Open 2022"]
[Site "Leca da Palmeira"]
[Date "2022.08.05"]
[Round "9.11"]
[White "Cabezas Ayala, Ivan"]
[Black "Sismeiro, Miguel"]
[Result "1/2-1/2"]
[ECO "B47"]
[WhiteElo "2296"]
[BlackElo "2162"]
[Annotator "TA"]
[PlyCount "81"]
[EventDate "2022.08.02"]
[EventType "swiss"]
[EventCountry "POR"]
[SourceTitle "playchess.com"]
[Source "ChessBase"]
[SourceQuality "1"]
[TimeControl "5400+30"]

1. e4 c5 2. Nf3 e6 3. d4 cxd4 4. Nxd4 Nc6 5. Nc3 Qc7 6. Be2 Nf6 7. Be3 a6 8. O-O Be7 9. f4 d6 10. Kh1 O-O 11. Qe1 Bd7 12. Qg3 Kh8 13. Rae1 {[#]} d5 $146 {B85: Sicilian Scheveningen: 6 Be2 a6, lines with early Be3.} ({Predecessor:} 13... Rac8 14. Bd3 e5 15. fxe5 Nxe5 {½-½ (15) Horvath,A (2488)-Aczel,G (2511) Budapest 2020}) 14. exd5 (14. e5 {feels hotter.} Ne4 15. Nxe4 dxe4 16. Nb3) 14... Nxd5 (14... exd5 {keeps more tension.} 15. Bd3 Rae8 16. a3 Bd6) 15. Nxd5 exd5 {White is slightly better.} 16. Nxc6 ({Better is} 16. c3 $14) 16... Qxc6 $11 17. Bd4 {[%csl Gd4][%cal Rg3g7] [#]} Bf6 18. Be5 (18. Bxf6 $11 {remains equal.} Qxf6 19. Qb3) 18... Bf5 ({Much weaker is} 18... Qxc2 19. Bxf6 gxf6 20. Bd3 $11) (18... Bxe5 $17 19. fxe5 Qxc2) 19. Bd3 Bxd3 20. Qxd3 Rad8 21. h3 h6 22. Qf5 Rde8 23. Bxf6 Qxf6 24. Qxd5 Rxe1 25. Rxe1 Qxb2 26. Qb3 Qxb3 27. cxb3 {[%mdl 4096] Endgame KR-KR} Kg8 28. Re7 Rb8 $1 29. Rc7 b5 30. Rc6 a5 31. Ra6 a4 $1 32. bxa4 bxa4 33. Rxa4 Rb2 34. Kh2 h5 35. h4 g6 36. Kg3 Rc2 37. Ra3 Kg7 {The position is equal.} 38. Kf3 Kf6 39. g3 Kf5 40. Ra5+ Kf6 41. Ra6+ {Weighted Error Value: White=0.15 (very precise) /Black=0.12 (very precise)} 1/2-1/2